 Dungeon Sprint DCSS version 0.27-a0-1359-ga2a4dfd6fd (webtiles) character file.

Game seed: 7050636688410046375

9398 mhtbhm the Sorcerer (level 11, 0/57 HPs)
             Began as a Deep Elf Earth Elementalist on June 28, 2021.
             Was the Champion of Vehumet.
             Succumbed to a cane toad's poison
             ... in the Dungeon (Sprint III: "The Ten Rune Challenge").
             The game lasted 00:08:54 (2369 turns).

mhtbhm the Sorcerer (Deep Elf Earth Elementalist)   Turns: 2369, Time: 00:08:54

Health: 0/57       AC:  5    Str:  5    XL:     11   Next: 22%
Magic:  29/39      EV: 14    Int: 27    God:    Vehumet [******]
Gold:   1717       SH:  0    Dex: 15    Spells: 39/54 levels left

rFire    + + .     SeeInvis .   (no weapon)
rCold    . . .     Faith    .   (no shield)
rNeg     . . .     Spirit   .   b - +0 robe
rPois    .         Reflect  .   q - +2 helmet "Emmyit" {rElec rF++ Will+ Int+3}
rElec    +         Harm     .   (no cloak)
rCorr    .         Rampage  .   (no gloves)
Will     ++...     NoTele   +   (no boots)
Stlth    +++.......             (no amulet)
HPRegen  0.19/turn              (no ring)
MPRegen  0.26/turn              (no ring)

@: lethally poisoned (0 -> -19)
A: no striking features
a: Renounce Religion


You were in the Dungeon.
You worshipped Vehumet.
Vehumet was exalted by your worship.
You visited 1 branch You collected 2353 gold pieces.
You spent 636 gold pieces at shops.

Inventory:

Missiles
 i - 6 stones
Armour
 b - a +0 robe (worn)
 q - the +2 helmet "Emmyit" (worn) {rElec rF++ Will+ Int+3}
   (You bought it in a shop in the Dungeon)

   Int:       It affects your intelligence (+3).
   rF:        It greatly protects you from fire.
   rElec:     It insulates you from electricity.
   Will:      It increases your willpower.
Wands
 n - a wand of iceblast (4)
Scrolls
 a - a scroll of magic mapping {unknown}
 h - a scroll of blinking
 k - 2 scrolls of immolation {unknown}
 l - 3 scrolls of identify
Potions
 c - 2 potions of curing
 d - 3 potions of heal wounds
 e - a potion of haste
 f - 2 potions of magic
 g - 2 potions of berserk rage
 j - 2 potions of mutation {unknown}
 m - 3 potions of flight
 o - a potion of might
Miscellaneous
 p - a box of beasts


   Skills:
 + Level 2.2 Fighting
 + Level 5.3 Dodging
 + Level 5.7 Stealth
 + Level 22.2 Spellcasting
 + Level 2.0 Conjurations
 + Level 3.5 Transmutations
 + Level 19.3 Earth Magic


You had 39 spell levels left.
You knew the following spells:

 Your Spells              Type           Power      Damage    Failure   Level
a - Sandblast             Erth           100%       2d20      0%          1
b - Passwall              Tmut/Erth      62%        N/A       1%          2
c - Stone Arrow           Conj/Erth      100%       3d13      1%          3
d - Lee's Rapid Deconstr  Erth           47%        3d23*     0%          5
e - Petrify               Tmut/Erth      75%        N/A       1%          4

Your spell library contained the following spells:

 Spells                   Type           Power      Damage    Failure   Level
 Bolt of Magma            Conj/Fire/Erth 31%        4d14      1%          5
 Animate Skeleton         Necr           58%        N/A       1%          1
 Pain                     Necr           100%       1d9       1%          1
 Vampiric Draining        Necr           14%        2d8       3%          3
 Animate Dead             Necr           14%        N/A       12%         4
 Agony                    Necr           29%        N/A       34%         5


Dungeon Overview and Level Annotations

Branches:
Dungeon (1/1)

Altars:
Cheibriados
Dithmenos
Elyvilon
Fedhas
Gozag
Hepliaklqana
Kikubaaqudgha
Makhleb
Nemelex Xobeh
Okawaru
Qazlal
Ru
Sif Muna
Trog
Uskayaw
Vehumet
Wu Jian
Xom
Yredelemnul
Zin
The Shining One
Beogh
Jiyva
Lugonu

Shops:
D [

Annotations:
D Donald, Frances


Message History

Vehumet offers you knowledge of Bolt of Magma.
You feel your power returning.
The blast of rock fragments hits the komodo dragon!!!
The komodo dragon is almost dead.
The cane toad stings you!!
You are poisoned.
The cane toad poisons you!
Casting: Lee's Rapid Deconstruction (safe; 0% risk of failure)
Confirm with . or Enter, or press ? or * to list all spells.
Aiming: Lee's Rapid Deconstruction (safe; 0% risk of failure)
Press: ? - help, Dir - move target, f - komodo dragon Fragment what (e.g. wall or brittle monster)?: a komodo dragon (almost dead)
An open door.
The stone door frame shatters!
The blast of rock fragments hits the komodo dragon!!
You kill the komodo dragon!
Vehumet accepts your kill.
You feel your power returning.
You feel very sick. The cane toad misses you.
Unknown command.
Unknown command.
Casting: Lee's Rapid Deconstruction (safe; 0% risk of failure)
Confirm with . or Enter, or press ? or * to list all spells.
Aiming: Petrify (safe; 1% risk of failure)
Press: ? - help, Shift-Dir - straight line, f - cane toad
Aim: a cane toad (water, chance to affect: 81%)
The cane toad is moving more slowly.
You feel very sick. The cane toad stings you!
You are lethally poisoned!
The cane toad poisons you! The cane toad completely misses you.
Unknown command.
* * * LOW HITPOINT WARNING * * *
You feel extremely sick. The cane toad closely misses you.
* * * LOW HITPOINT WARNING * * *
You feel very sick. The cane toad barely misses you.
You die...

♣♣..'.⌠........#)∩)#.####.#.)...#
≈♣♣.#...######'#)####..#.########
....#.⌠.#__#...#)################
....#...#__#...#))§§≈§.#.)..)'.#.
....#'###__#...#.#§§§#.#.#...##.#
....#.))#__#...'.#.§§#.#.#...#.#.
....#___#__'...#.#.§.#...#...##.#
▓▓▓▓▓▓▓▓▓▓▓▓▓▓▓▓▓▓▓▓▓▓▓▓▓▓▓▓▓#.#.
♣≈≈F.@......≈≈≈...##.#
♣†♣≈≈≈≈≈≈≈≈≈≈≈≈♣♣P.'.#.
.≈♣♣♣♣♣♣♣♣♣♣♣♣♣♣♣♣PP##.# #..
♣♣♣##+# ## ... #... #@.@ ####


You could see a cane toad (petrifying).

Vanquished Creatures
  Snorg (D)
  A centaur warrior (D)
  2 deep elf knights (D)
  3 deep elf pyromancers (D)
  A deep elf zephyrmancer (D)
  2 orc sorcerers (D)
  An unseen horror (D)
  A cane toad (D)
  A komodo dragon (D)
  3 wandering mushrooms (D)
  A queen bee (D)
  A shadow (D)
  A spatial vortex (D)
  3 orc warriors (D)
  A necrophage (D)
  2 centaurs (D)
  An earth elemental (D)
  A scorpion (D)
  A water elemental (D)
  32 killer bees (D)
  A jelly (D)
  A wizard (D)
  4 orc wizards (D)
  A necromancer (D)
  3 humans (D)
  A kobold demonologist (D)
  9 orcs (D)
  An endoplasm (D)
  3 rats (D)
84 creatures vanquished.

Notes
Turn   | Place    | Note
-------+----------+-------------------------------------------
     0 | D        | mhtbhm the Deep Elf Earth Elementalist began the quest for
                  | the Orb.
     0 | D        | Reached XP level 1. HP: 10/10 MP: 6/6
     6 | D        | Reached skill level 4 in Spellcasting
    88 | D        | Reached skill level 5 in Spellcasting
    88 | D        | Reached XP level 2. HP: 6/15 MP: 1/10
   160 | D        | Learned a level 2 spell: Passwall
   253 | D        | Noticed a scorpion
   262 | D        | Killed a scorpion
   263 | D        | Reached skill level 7 in Spellcasting
   263 | D        | Reached XP level 3. HP: 11/19 MP: 5/13
   263 | D        | Reached XP level 4. HP: 13/24 MP: 5/15
   334 | D        | Learned a level 3 spell: Stone Arrow
   402 | D        | Noticed a water elemental
   407 | D        | Killed a water elemental
   408 | D        | Reached skill level 8 in Spellcasting
   408 | D        | Reached XP level 5. HP: 28/28 MP: 7/18
   479 | D        | Learned a level 5 spell: Lee's Rapid Deconstruction
   484 | D        | Learned a level 4 spell: Petrify
   494 | D        | Found a radiant altar of Vehumet.
   494 | D        | Found a shimmering blue altar of Sif Muna.
   494 | D        | Found an ancient bone altar of Kikubaaqudgha.
   497 | D        | Reached skill level 9 in Spellcasting
   553 | D        | Became a worshipper of Vehumet
   668 | D        | Found a basalt altar of Yredelemnul.
   668 | D        | Found a shadowy altar of Dithmenos.
   668 | D        | Found a sacrificial altar of Ru.
   668 | D        | Noticed a necrophage
   670 | D        | Killed a necrophage
   671 | D        | Reached skill level 10 in Spellcasting
   671 | D        | Reached skill level 10 in Earth Magic
   671 | D        | Reached XP level 6. HP: 33/33 MP: 8/21
   753 | D        | Found a hide-covered altar of Uskayaw.
   753 | D        | Found an iron altar of Okawaru.
   753 | D        | Found a bloodstained altar of Trog.
   753 | D        | Found an ornate altar of the Wu Jian Council.
   753 | D        | Noticed a human
   753 | D        | Noticed a human
   756 | D        | Killed a human
   756 | D        | Reached * piety under Vehumet
   756 | D        | Offered knowledge of Freeze by Vehumet.
   756 | D        | Killed a human
   757 | D        | Reached skill level 1 in Fighting
   757 | D        | Reached skill level 5 in Stealth
   757 | D        | Reached skill level 12 in Spellcasting
   757 | D        | Reached XP level 7. HP: 38/38 MP: 6/25
   860 | D        | Found a glowing silver altar of Zin.
   860 | D        | Found a glowing golden altar of the Shining One.
   860 | D        | Found a white marble altar of Elyvilon.
   860 | D        | Noticed a deep elf pyromancer
   861 | D        | Killed a deep elf pyromancer
   862 | D        | Reached skill level 14 in Spellcasting
   862 | D        | Reached skill level 1 in Conjurations
   862 | D        | Reached XP level 8. HP: 43/43 MP: 20/28
   943 | D        | Offered knowledge of Shock by Vehumet.
   943 | D        | Reached ** piety under Vehumet
   944 | D        | Reached skill level 15 in Spellcasting
  1013 | D        | Found a blossoming altar of Fedhas.
  1013 | D        | Found a stormy altar of Qazlal.
  1013 | D        | Found a snail-covered altar of Cheibriados.
  1013 | D        | Found a burning altar of Makhleb.
  1013 | D        | Found a shimmering altar of Xom.
  1014 | D        | Found a hazy altar of Hepliaklqana.
  1014 | D        | Found an opulent altar of Gozag.
  1014 | D        | Found a sparkling altar of Nemelex Xobeh.
  1014 | D        | Found a corrupted altar of Lugonu.
  1014 | D        | Found a viscous altar of Jiyva.
  1081 | D        | Noticed Snorg
  1090 | D        | Killed Snorg
  1091 | D        | Reached skill level 16 in Spellcasting
  1091 | D        | Reached XP level 9. HP: 28/48 MP: 3/31
  1233 | D        | Offered knowledge of Static Discharge by Vehumet.
  1233 | D        | Reached *** piety under Vehumet
  1234 | D        | Reached skill level 17 in Spellcasting
  1313 | D        | Found Menkanao's Armour Boutique.
  1313 | D        | Noticed an orc sorcerer
  1320 | D        | Reached skill level 5 in Dodging
  1320 | D        | Reached **** piety under Vehumet
  1321 | D        | Reached skill level 15 in Earth Magic
  1322 | D        | Noticed an orc sorcerer
  1324 | D        | Killed an orc sorcerer
  1325 | D        | Reached skill level 18 in Spellcasting
  1325 | D        | Killed an orc sorcerer
  1326 | D        | Reached ***** piety under Vehumet
  1469 | D        | Bought the +2 helmet "Emmyit" {rElec rF++ Will+ Int+3} for
                  | 636 gold pieces
  1535 | D        | Noticed a deep elf knight
  1535 | D        | Noticed a deep elf pyromancer
  1535 | D        | Noticed a deep elf knight
  1535 | D        | Noticed a deep elf zephyrmancer
  1535 | D        | Noticed a deep elf pyromancer
  1545 | D        | Killed a deep elf zephyrmancer
  1545 | D        | Offered knowledge of Conjure Flame by Vehumet.
  1546 | D        | Reached skill level 19 in Spellcasting
  1549 | D        | Killed a deep elf pyromancer
  1549 | D        | Reached ****** piety under Vehumet
  1550 | D        | Reached XP level 10. HP: 53/53 MP: 24/35
  1551 | D        | Killed a deep elf knight
  1551 | D        | Killed a deep elf knight
  1552 | D        | Reached skill level 20 in Spellcasting
  1561 | D        | Killed a deep elf pyromancer
  1683 | D        | Noticed a deep elf annihilator
  1686 | D        | Identified the ring "Colehu" {rElec rF+ Int-5 Stlth+}
  1686 | D        | Noticed a deep elf high priest
  1764 | D        | Noticed a deep elf master archer
  1764 | D        | Noticed a deep elf annihilator
  1866 | D        | Noticed a deep elf demonologist
  1958 | D        | Noticed a centaur warrior
  1965 | D        | Offered knowledge of Ignite Poison by Vehumet.
  1969 | D        | Killed a centaur warrior
  2086 | D        | Reached skill level 21 in Spellcasting
  2124 | D        | Offered knowledge of Yara's Violent Unravelling by Vehumet.
  2169 | D        | Reached XP level 11. HP: 57/57 MP: 34/38
  2196 | D        | Reached skill level 22 in Spellcasting
  2341 | D        | Noticed Donald
  2341 | D        | Noticed Frances
  2364 | D        | Offered knowledge of Bolt of Magma by Vehumet.
  2369 | D        | Succumbed to a cane toad's poison

Illustrated notes

Levels and vault maps discovered:
D:        dungeon_sprint_mu [sprint_mu_entry_forest, sprint_mu_temple_rooms,
          sprint_mu_d1_horrors, sprint_mu_d2_genie, sprint_mu_d3_branching,
          sprint_mu_orc_legion, sprint_mu_elf_gauntlet, sprint_mu_hive_nellie,
          sprint_mu_lair_fedhas, sprint_mu_vaults_butterflies,
          sprint_mu_slime_circle, sprint_mu_swamp_cave, sprint_mu_shoals_archi,
          sprint_mu_blade_basic, sprint_mu_crypt_fortress,
          sprint_mu_tomb_spiral, sprint_mu_vestibule_basic,
          sprint_mu_gehenna_hellfire, sprint_mu_dis_giant,
          sprint_mu_tartarus_statrot, sprint_mu_cocytus_islands, sprint_mu_zot1]

Skill      XL: |  1  2  3  4  5  6  7  8  9 10 11 |
---------------+----------------------------------+-----
Spellcasting   | 5 7 8 10 12 14 16 19 21 22 | 22.2
Stealth        | 3 4 5 |  5.7
Earth Magic    | 4 6 8 10 11 13 14 16 18 19 | 19.3
Dodging        | 3 4 5 |  5.3
Fighting       | 1 2 |  2.2
Conjurations   | 1 2 |  2.0
Transmutations | 2 3 |  3.5

Action                   |  1- 3 |  4- 6 |  7- 9 | 10-12 || total
-------------------------+-------+-------+-------+-------++-------
 Cast: Sandblast         |    16 |     2 |     3 |     3 ||    24
       Stone Arrow       |       |     2 |       |     8 ||    10
       Lee's Rapid Decon |       |     7 |    26 |    29 ||    62
       Petrify           |       |       |     1 |     1 ||     2
       Passwall          |       |       |     6 |       ||     6
Armor: Robe              |     1 |       |       |       ||     1
Dodge: Dodged            |     4 |       |     5 |    23 ||    32

Table legend: (Time is in decaauts)
 A = Elapsed time spent in this place.
 B = Non-inter-level travel time spent in this place.
 C = Inter-level travel time spent in this place.
 D = Time resting spent in this place.
 E = Time spent auto-exploring this place.
 F = Levels seen in this place.
 G = Mean time per level.
                   A        B        C        D        E       F      G
               +--------+--------+--------+--------+--------+-----+--------+
         Total |   2388 |   2388 |      0 |   1711 |      0 |   1 | 2388.0 |
       Dungeon |   2388 |   2388 |      0 |   1711 |      0 |   1 | 2388.0 |
               +--------+--------+--------+--------+--------+-----+--------+

Top non-repeatable levels by time:
       D: 2388 daAuts
